 Dungeon Crawl Stone Soup version 0.16-a0-328-gfd822c7 (webtiles) character file.

156 PolkaDot the Caller (level 5, -1/35 HPs)
             Began as a Vampire Summoner on Sept 5, 2014.
             Slain by a sky beast (4 damage)
             ... on Level 4 of the Dungeon.
             The game lasted 00:14:21 (3452 turns).

PolkaDot the Caller (Vampire Summoner)              Turns: 3452, Time: 00:14:22

HP  -1/35        AC  2     Str  7      XL: 5   Next: 14%
MP   1/9         EV 12     Int 18      God:
Gold 108         SH  0     Dex 12      Spells:  3 memorised,  2 levels left

rFire  + . .     SeeInvis +     a - +0 cutlass
rCold  + . .     Clarity  .     g - +0 robe
rNeg   . . .     rCorr    +     (no shield)
rPois  +         rRot     .     (no helmet)
rElec  +         Spirit   .     (no cloak)
SustAb .         Warding  .     (no gloves)
rMut   .         Stasis   .     (no boots)
Gourm  .                        (no amulet)
MR     .....                    (no ring)
                                (no ring)

@: resistant, regenerating quickly, not resistant to hostile enchantments,
unstealthy
A: fangs 3, see invisible, clumsy 1, deterioration 1, unbreathing
a: no special abilities


You were on level 4 of the Dungeon.
You were full.

You visited 1 branch of the dungeon, and saw 4 of its levels.

You collected 108 gold pieces.

Inventory:

Hand weapons
 a - a +0 cutlass (weapon)
 b - a +0 hunting sling
Missiles
 c - 56 stones (quivered)
Armour
 g - a +0 robe (worn)
Magical devices
 p - a wand of random effects (10) {unknown}
Scrolls
 k - 3 scrolls of teleportation {unknown}
 m - a scroll of enchant weapon {unknown}
 n - 2 scrolls of remove curse {unknown}
 o - a scroll of random uselessness {unknown}
 q - 2 scrolls of identify {unknown}
 r - a scroll of blinking {unknown}
Potions
 h - a potion of brilliance
 j - a potion of restore abilities
Books
 f - a book of Callings

   Spells                             Type                      Level
   *Summon Small Mammal               Summoning                    1
   *Call Imp                          Summoning                    2
   *Call Canine Familiar              Summoning                    3
   Summon Guardian Golem              Hexes/Summoning              4
   Summon Lightning Spire             Summoning/Air                4
   Summon Ice Beast                   Ice/Summoning                4


   Skills:
 - Level 2.1 Dodging
 - Level 3.0 Stealth
 - Level 2.0 Spellcasting
 * Level 6.5 Summonings


You had 2 spell levels left.
You knew the following spells:

 Your Spells              Type           Power        Failure   Level  Hunger
a - Summon Small Mammal   Summ           ####         1%          1    #......
d - Call Canine Familiar  Summ           ####....     3%          3    ####...
s - Call Imp              Summ           ####....     1%          2    ##.....


Dungeon Overview and Level Annotations

Branches:
Dungeon (4/15)
 Temple: D:4-7

Altars:
Cheibriados
Dithmenos
Fedhas
Makhleb
Nemelex Xobeh
Sif Muna
Xom

Annotations:
D:4 Eustachio


Innate Abilities, Weirdness & Mutations

Your natural rate of healing is unusually fast.
You have razor-sharp teeth.
You have supernaturally acute eyesight.
You can survive without breathing.
You are clumsy. (Dex -2)
Your body is slowly deteriorating.


Message History

You closely miss the sky beast.
The sky beast is almost dead.
Eustachio barely misses your crimson imp.
The sky beast closely misses you.
Your white imp misses Eustachio.
Your crimson imp barely misses Eustachio.
You miss the sky beast.
The sky beast is almost dead.
The white imp disappears in a puff of smoke!
The sky beast hits you.
* * * LOW HITPOINT WARNING * * *
The sky beast shocks you. You resist.
* * * LOW HITPOINT WARNING * * *
Eustachio zaps a wand.
The magic dart hits your crimson imp.
Your crimson imp misses Eustachio.
The sky beast closely misses you.
Your white imp misses Eustachio.
You closely miss the sky beast.
The sky beast is almost dead.
Eustachio gestures wildly while chanting.
Eustachio blinks!
The sky beast hits you.
You die...

. #. #. ###. ...
#.. .#@.#
#.##.#.%###
#.....5.@h#
####.#r.#Y# #
#5.#Z#
###.#5ยง#.#
#...#..#.#
#........######
#5.##..#...(>(.#
#..<..####.
#.....#


You could see Eustachio, a sky beast, a hobgoblin skeleton, a friendly wolf, 2
friendly crimson imps, a friendly white imp and a friendly rat.

Vanquished Creatures
  Ijyb (D:4)
  4 adders
  5 worms
  A shadow imp (D:4)
  4 orcs (D:3)
  2 ball pythons (D:3)
  8 bats
  4 giant cockroaches
  6 hobgoblins
  4 quokkas
  3 giant newts
  9 goblins
  9 kobolds
  10 rats
70 creatures vanquished.

Vanquished Creatures (collateral kills)
  An adder (D:2)
  2 green rats (D:4)
  A giant mite (D:2)
  A giant gecko (D:1)
  2 orcs (D:3)
  A kobold (D:2)
  A quokka (D:4)
  A bat (D:1)
  A goblin (D:1)
  4 rats
15 creatures vanquished.

Vanquished Creatures (others)
  A hound (D:4)
  An iron imp (D:4)
  A white imp (D:4)
  2 quokkas (D:4)
  A bat (D:4)
  2 rats
8 creatures vanquished.

Grand Total: 93 creatures vanquished

Notes
Turn   | Place    | Note
--------------------------------------------------------------
     0 | D:1      | PolkaDot, the Vampire Summoner, began the quest for the Orb.
     0 | D:1      | Reached XP level 1. HP: 13/13 MP: 3/3
     6 | D:1      | Noticed an anaconda
     6 | D:1      | Noticed a polar bear
     6 | D:1      | Noticed a four-headed hydra
   259 | D:1      | Reached XP level 2. HP: 19/19 MP: 4/4
  1061 | D:2      | Found a blossoming altar of Fedhas.
  1136 | D:2      | Reached skill level 5 in Summonings
  1176 | D:2      | Reached XP level 3. HP: 24/24 MP: 6/6
  1385 | D:2      | Found a deep blue altar of Sif Muna.
  1573 | D:2      | Found a shimmering altar of Xom.
  1769 | D:2      | Reached XP level 4. HP: 30/30 MP: 7/7
  2066 | D:3      | Learned a level 2 spell: Call Imp
  2070 | D:3      | Learned a level 3 spell: Call Canine Familiar
  2235 | D:3      | Reached skill level 6 in Summonings
  2762 | D:3      | Found a shadowy altar of Dithmenos.
  2763 | D:3      | Found a snail-covered altar of Cheibriados.
  3068 | D:3      | Found a sparkling altar of Nemelex Xobeh.
  3070 | D:3      | Found a burning altar of Makhleb.
  3211 | D:3      | Reached XP level 5. HP: 35/35 MP: 9/9
  3255 | D:4      | Noticed Ijyb
  3272 | D:4      | Killed Ijyb
  3395 | D:4      | Noticed Eustachio
  3400 | D:4      | Noticed a sky beast
  3429 | D:4      | Gained mutation: You are clumsy. (Dex -2) [potion of mutation]
  3429 | D:4      | Gained mutation: Your body is slowly deteriorating. [potion of mutation]
  3452 | D:4      | Slain by a sky beast

Action                   |  1- 3 |  4- 6 || total
-------------------------+-------+-------++-------
Melee: Unarmed           |    31 |       ||    31
       Dagger            |    21 |    37 ||    58
       Cutlass           |       |    24 ||    24
 Fire: Hunting sling     |   108 |    94 ||   202
 Cast: Summon Small Mamm |    21 |     4 ||    25
       Call Canine Famil |       |     6 ||     6
       Call Imp          |       |     6 ||     6
  Use: Potion            |     1 |     8 ||     9
  Eat: Corpse            |     9 |     9 ||    18
